 Dungeon Crawl Stone Soup version 0.26.1-11-gd32895ea62 (webtiles) character file.

Game seed: 2628018780907121396

56 Zeld the Ducker (level 3, -4/26 HPs)
             Began as an Octopode Monk on May 11, 2021.
             Slain by an orc
             ... wielding a +0 trident
              (10 damage)
             ... on level 3 of the Dungeon.
             The game lasted 00:01:25 (2267 turns).

Zeld the Ducker (Octopode Monk)                     Turns: 2267, Time: 00:01:26

Health: -4/26      AC:  1    Str: 11    XL:     3   Next: 97%
Magic:  3/3        EV: 15    Int: 12    God:
Gold:   184        SH:  0    Dex: 14    Spells: 2/2 levels left

rFire    . . .     SeeInvis .   a - +0 hand axe
rCold    . . .     Faith    .   (no shield)
rNeg     . . .     Spirit   .   (helmet restricted)
rPois    .         Reflect  .   (no amulet)
rElec    .         Harm     .   (no ring)
rCorr    .         Rampage  .   (no ring)
Will     .....                  (no ring)
Stlth    +++.......             (no ring)
HPRegen  0.08/turn              (no ring)
MPRegen  0.08/turn              (no ring)
                                (no ring)
                                (no ring)

@: lethally poisoned (-4 -> -9)
A: almost no armour, stealthy swim, amphibious, 8 rings, constrict 8, camouflage
1, gelatinous body 1
a: no special abilities


You were on level 3 of the Dungeon.
You visited 1 branch of the dungeon, and saw 3 of its levels.

You collected 184 gold pieces.

Inventory:

Hand Weapons
 a - a +0 hand axe (weapon)
Jewellery
 f - an uncursed ring of ice {unknown}
Scrolls
 b - 3 scrolls of remove curse {unknown}
 c - 7 scrolls of identify {unknown}
 d - 2 scrolls of enchant weapon {unknown}
 e - a scroll of immolation {unknown}
 j - a scroll of teleportation {unknown}
Potions
 g - a potion of lignification {unknown}
 h - 2 potions of heal wounds {unknown}
 i - a potion of might {unknown}
 k - a potion of invisibility {unknown}


   Skills:
 * Level 3.6 Fighting
 * Level 3.6 Axes
 * Level 3.6 Dodging
 - Level 2.6 Stealth


You had 2 spell levels left.
You didn't know any spells.
Your spell library was empty.

Dungeon Overview and Level Annotations

Branches:
Dungeon (3/15)

Altars:
Sif Muna
Uskayaw


Innate Abilities, Weirdness & Mutations

You cannot wear most types of armour.
You are very stealthy in the water. (Stealth+)
You are amphibious.
You can wear up to eight rings at the same time.
You can use your tentacles to constrict eight enemies at once.
Your skin changes colour to match your surroundings (Stealth+).
Your rubbery body absorbs attacks. (AC +1, EV +1)


Message History

The orc misses you. The adder misses you. The kobold hits you.
Unknown command.
The goblin wields a +0 hunting sling.
The goblin shoots a stone.
The stone closely misses you.
You see here a stone.
You are too injured to fight recklessly!
You miss the adder. Your grab misses the adder. Your squeeze misses the adder.
The adder is lightly wounded.
The adder closely misses you. x2
You hit the adder. You grab the adder.
The adder is severely wounded.
You constrict the adder. The orc misses you. The adder bites you.
* * * LOW HITPOINT WARNING * * *
You are poisoned.
The adder poisons you!
You release your grip on the adder.
You feel sick.
You hit the adder.
You kill the adder!
The orc hits you from afar with a +0 trident!
You die...

#.... .). ....#
#....##.##$...#
#......8......#
#.............#
#.............#
#......Kg(....#
######o####### #(# #@# .#
#.####...# . #........#
....####.###.#..#
.........# ##
###.####.###>##.#####
#.....##.#...##
##.#.###......###
#########.###............


You could see an orc, a goblin and a kobold.

Vanquished Creatures
  2 adders
  3 oozes
  A worm (D:2)
  2 dart slugs
  A leopard gecko (D:3)
  7 bats
  A giant cockroach (D:1)
  2 goblins
  3 hobgoblins
  2 quokkas (D:3)
  3 frilled lizards
  A kobold (D:1)
  A rat (D:1)
29 creatures vanquished.

Vanquished Creatures (others)
  7 toadstools (D:1)
7 creatures vanquished.

Grand Total: 36 creatures vanquished

Notes
Turn   | Place    | Note
-------+----------+-------------------------------------------
     0 | D:1      | Zeld the Octopode Monk began the quest for the Orb.
     0 | D:1      | Reached XP level 1. HP: 16/16 MP: 1/1
   358 | D:1      | Reached XP level 2. HP: 20/21 MP: 2/2
  1329 | D:2      | Reached XP level 3. HP: 22/26 MP: 3/3
  1546 | D:2      | Found a shimmering blue altar of Sif Muna.
  2160 | D:3      | Found a hide-covered altar of Uskayaw.
  2267 | D:3      | Slain by an orc

Illustrated notes

Levels and vault maps discovered:
D:1:      nagdon_arrival_double_spiral, layout_basic
D:2:      layout_basic, led_sif_pool
D:3:      layout_loops_ring, eat_drink_and_be_merry_uskayaw,
          kennysheep_generic_room_2

Action                   || total
-------------------------++-------
Melee: Hand axe          ||    65
       Constrict         ||    14
       Tentacles         ||    10
 Stab: Sleeping          ||     7
Armor: Skin              ||     3
Dodge: Dodged            ||    55
